 Dungeon Crawl Stone Soup version 0.22.1-2-g9c5b331 (webtiles) character file.

343 empire the Slasher (level 6, -5/52 HPs)
             Began as a Minotaur Fighter on Nov 27, 2018.
             Killed by nerve-wracking pain
             ... invoked by an orc priest
              (14 damage)
             ... on level 4 of the Dungeon.
             The game lasted 00:05:58 (2750 turns).

empire the Slasher (Minotaur Fighter)               Turns: 2750, Time: 00:05:59

Health: -5/52      AC: 10    Str: 23    XL:     6   Next: 31%
Magic:  5/5        EV:  5    Int:  5    God:
Gold:   181        SH:  9    Dex:  9    Spells: 5/5 levels left

rFire    . . .     SeeInvis .   a - +0 long sword
rCold    + . .     Gourm    .   c - +0 shield
rNeg     . . .     Faith    .   m - +0 chain mail
rPois    .         Spirit   .   (helmet restricted)
rElec    .         Reflect  .   (no cloak)
rCorr    .         Harm     .   g - +0 pair of gloves
MR       .....                  (no boots)
Stlth    ..........             (no amulet)
HPRegen  0.17/turn              p - ring of protection from cold
MPRegen  0.09/turn              (no ring)

@: no status effects
A: retaliatory headbutt, horns 2
a: no special abilities


You were on level 4 of the Dungeon.
You were not hungry.

You visited 2 branches of the dungeon, and saw 5 of its levels.

You collected 181 gold pieces.

Inventory:

Hand Weapons
 a - a +0 long sword (weapon)
Missiles
 o - 3 javelins of penetration (quivered)
Armour
 c - a +0 shield (worn)
 g - a +0 pair of gloves (worn)
 m - a +0 chain mail (worn)
Jewellery
 p - a ring of protection from cold (left hand)
 r - an uncursed ring of stealth {unknown}
Wands
 n - a wand of random effects (26)
Scrolls
 e - 5 scrolls of identify {unknown}
 i - 2 scrolls of remove curse {unknown}
 j - a scroll of noise {unknown}
 k - 2 scrolls of amnesia {unknown}
 l - a scroll of enchant weapon {unknown}
 s - a scroll of immolation {unknown}
Potions
 d - a potion of might
 h - a potion of lignification
 q - a potion of heal wounds {unknown}
Comestibles
 f - 6 rations


   Skills:
 - Level 4.0 Fighting
 * Level 7.6 Long Blades
 - Level 4.0 Armour
 - Level 4.0 Shields


You had 5 spell levels left.
You didn't know any spells.
Your spell library was empty.

Dungeon Overview and Level Annotations

Branches:
Dungeon (4/15)             Temple (1/1) D:4

Altars:
Ashenzari
Elyvilon
Kikubaaqudgha
Makhleb
Nemelex Xobeh
Sif Muna
Trog
Uskayaw
Vehumet
Wu Jian
Xom
Yredelemnul
Zin
The Shining One


Innate Abilities, Weirdness & Mutations

You reflexively headbutt those who attack you in melee.
You have a pair of horns on your head.


Message History

The orc priest calls down the wrath of Beogh upon you.
Beogh smites you!
Things that are here:
a flail; a giant club; an orc skeleton The orc priest calls down the wrath of Beogh upon you.
Pain shoots through your body!
You see here 22 stones.
You slash the orc priest!
You headbutt the orc priest, but do no damage.
The orc priest is almost dead.
The hound skeleton bites you but does no damage.
The orc priest mumbles some strange prayers to Beogh against you.
Beogh smites you!
* * * LOW HITPOINT WARNING * * *
You hit the orc priest but do no damage.
The orc priest is almost dead.
You block the hound skeleton's attack. x2
The orc priest calls down the wrath of Beogh upon you.
Pain shoots through your body!
You die...

.......# ##o##.#
..#.##### .... ##
........#######.###.#
.................#.# ##
...[..≈≈≈≈≈.......## ..
....≈≈≈≈≈≈≈≈≈....#<#.#
..≈≈≈≈≈≈≈≈≈≈≈≈≈.....#
.≈≈≈≈≈≈≈≈≈≈≈≈≈≈≈o.###
.≈≈≈≈≈≈...≈≈≈≈≈≈@##
.≈≈≈≈≈≈)>....).(Z.#
.≈≈≈≈≈≈...≈≈≈≈≈≈..#
..≈≈≈≈≈≈≈≈≈≈≈≈≈.......
....≈≈≈≈≈≈≈≈≈........#
......≈≈≈≈≈..........#
..............%....#...
...............##..#.##
###.#...#.#.#### ..# #


You could see an orc priest and a hound skeleton.

Vanquished Creatures
  An ogre (D:4)
  A centaur (D:3)
  An orc wizard (Temple)
  7 adders
  An ooze (D:2)
  A worm (D:2)
  A dart slug (D:2)
  3 leopard geckos (D:3)
  8 orcs
  A ball python (D:2)
  8 bats
  4 giant cockroaches
  9 goblins
  3 hobgoblins
  A jackal (D:4)
  7 frilled lizards
  10 kobolds
  A quokka zombie (D:2)
  8 rats
76 creatures vanquished.

Notes
Turn   | Place    | Note
-------+----------+-------------------------------------------
     0 | D:1      | empire the Minotaur Fighter began the quest for the Orb.
     0 | D:1      | Reached XP level 1. HP: 19/19 MP: 0/0
   215 | D:1      | Reached XP level 2. HP: 27/27 MP: 1/1
   484 | D:1      | Reached skill level 3 in Long Blades
   750 | D:2      | Found a faded altar of an unknown god.
   755 | D:2      | Reached XP level 3. HP: 31/33 MP: 2/2
  1209 | D:3      | Reached skill level 4 in Long Blades
  1288 | D:3      | Reached XP level 4. HP: 40/40 MP: 3/3
  1308 | D:3      | Noticed a centaur
  1327 | D:3      | Killed a centaur
  1327 | D:3      | Reached skill level 5 in Long Blades
  1327 | D:3      | Reached XP level 5. HP: 12/46 MP: 4/4
  1640 | D:3      | Reached skill level 6 in Long Blades
  1656 | D:3      | Found a hide-covered altar of Uskayaw.
  2251 | D:4      | Found a glowing silver altar of Zin.
  2278 | D:4      | Found a staircase to the Ecumenical Temple.
  2316 | D:4      | Noticed an ogre
  2334 | D:4      | Killed an ogre
  2334 | D:4      | Reached skill level 7 in Long Blades
  2334 | D:4      | Reached XP level 6. HP: 25/52 MP: 5/5
  2342 | Temple   | Entered the Ecumenical Temple
  2750 | D:4      | Killed from afar by an orc priest

Skill      XL: |  1  2  3  4  5 |
---------------+----------------+-----
Long Blades    | 3 4 5 7 |  7.6
Fighting       | 4 |  4.0
Armour         | 4 |  4.0
Shields        | 4 |  4.0

Action                   |  1- 3 |  4- 6 || total
-------------------------+-------+-------++-------
Melee: Long sword        |    96 |   102 ||   198
       Headbutt          |    15 |    15 ||    30
Evoke: Wand              |       |     1 ||     1
  Use: Potion            |       |     3 ||     3
  Eat: Chunk             |     1 |     5 ||     6
Armor: Scale mail        |    47 |    17 ||    64
       Skin              |       |    14 ||    14
       Chain mail        |       |    18 ||    18
Dodge: Dodged            |    29 |    26 ||    55
Block: Shield            |    44 |    67 ||   111
       Rpst.: Long sword |     6 |     7 ||    13
